Map: Templo óseo EE

Players

MrFercho

  • Race: Zerg Zerg
  • League: Silver
  • Spawn Location: 3:00

TATORREA

  • Race: Protoss Protoss
  • League: Silver
  • Spawn Location: 12:00

tigro

  • Race: Terran Terran
  • League: Bronze
  • Spawn Location: 1:00

strength

  • Race: Terran Terran
  • League: Diamond
  • Spawn Location: 7:00

Kade

  • Race: Protoss Protoss
  • Spawn Location: 6:00

Tkopokerqc

  • Race: Terran Terran
  • League: Diamond
  • Spawn Location: 7:00

VOD

Have the link to the VOD?

Description

Time

  • Played on: June 22, 2020, 6:23 p.m.
  • Length: 5:55
Show
View Real Time Build Order
Export as new Build Order

MrFercho Zerg 

Build Orders: Hatch First 

Get SALT Encoding   

  12  0:01  Drone  
  13  0:14  Overlord  
  13  0:25  Drone  
  14  0:32  Drone x2  
  16  0:52  Hatchery  
  16  0:54  Drone  
  16  1:09  Spawning Pool  
  15  1:11  Drone  
  15  1:15  Drone  
  17  1:20  Drone  
  17  1:23  Drone  
  19  1:28  Extractor  
  18  1:34  Drone  
  19  1:44  Drone  
  20  1:58  Drone  
  21  2:03  Queen  
  21  2:04  Queen  
  21  2:05  Overlord  
  21  2:06  Drone  
  26  2:15  Drone  
  27  2:16  Drone  
  28  2:24  Spine Crawler  
  27  2:33  Spine Crawler  
  26  2:38  Drone  
  26  2:39  Drone x3  
  30  2:46  Lair  
  30  2:50  Drone  
  31  2:52  Drone  
  31  2:59  Drone x2  
  33  3:10  Evolution Chamber  
  32  3:16  Roach Warren, Drone x2  
  32  3:17  Drone  
  34  3:29  Zergling x4  
  34  3:32  Overlord x2  
  36  3:57  Roach x6  
  48  4:31  Drone x4  
  49  4:33  Overlord  
  48  4:43  Spore Crawler  
  42  4:55  Drone x3  
  31  5:29  Spine Crawler  
Show
View Real Time Build Order
Export as new Build Order

TATORREA Protoss 

Build Orders:  

Get SALT Encoding   

  12  0:01  Probe  
  13  0:13  Probe  
  14  0:22  Pylon  
  14  0:27  Probe  
  15  0:40  Probe  
  16  0:43  Gateway  
  16  1:01  Probe  
  17  1:09  Probe  
  17  1:10  Assimilator  
  17  1:17  Probe  
  19  1:29  Probe  
  20  1:41  Probe  
  21  1:54  Probe  
  22  2:02  Cybernetics Core  
  22  2:05  Gateway  
  22  2:06  Probe  
  23  2:11  Nexus  
  23  2:23  Probe  
  23  2:24  Pylon  
  23  2:42  Probe, Stalker  
  26  2:54  Probe, Pylon  
  26  2:57  Pylon  
  27  3:00  Warp Gate  
  27  3:02  Assimilator  
  27  3:03  Stalker  
  29  3:06  Probe  
  30  3:18  Probe  
  31  3:22  Robotics Facility  
  31  3:23  Gateway  
  18  3:42  Probe x2  
  13  3:54  Probe x2  
  13  4:06  Probe x2  
  15  4:18  Probe x2  
  15  4:30  Probe x2  
  16  4:42  Probe  
  16  4:43  Probe  
  18  4:54  Probe  
  15  5:00  Probe  
  15  5:06  Probe  
  12  5:12  Probe  
Show
View Real Time Build Order
Export as new Build Order

tigro Terran 

Build Orders:  

Get SALT Encoding   

  12  0:03  SCV  
  13  0:15  SCV  
  14  0:25  Supply Depot  
  14  0:27  SCV  
  15  0:35  Refinery  
  15  0:47  SCV  
  16  0:50  Barracks  
  16  0:59  SCV  
  17  1:08  Refinery  
  17  1:11  SCV  
  18  1:19  Supply Depot  
  18  1:23  SCV  
  19  1:39  Marine  
  20  1:46  Barracks  
  20  1:50  SCV  
  21  1:56  Marine  
  22  2:02  SCV  
  23  2:14  SCV, Marine  
  25  2:26  SCV  
  26  2:32  Marine  
  27  2:40  Barracks Tech Lab  
  27  2:43  Orbital Command  
  27  2:50  Marine  
  28  2:54  Engineering Bay  
  28  3:11  Barracks Tech Lab  
  28  3:14  Combat Shield  
  28  3:25  Factory  
  27  4:09  Marine x2  
  27  4:24  Factory Tech Lab  
  27  4:27  Marine x2  
  29  4:39  Starport  
  29  4:44  SCV  
  29  4:45  Marine x2  
  32  4:56  SCV  
  31  5:03  Marine x2  
  27  5:09  SCV  
  26  5:18  Starport  
  26  5:21  Marine x2  
Show
View Real Time Build Order
Export as new Build Order

strength Terran 

Build Orders:  

Get SALT Encoding   

  12  0:04  SCV  
  13  0:16  SCV  
  14  0:25  Supply Depot  
  14  0:28  SCV  
  15  0:41  Refinery  
  15  0:47  SCV  
  16  0:50  Barracks  
  16  0:59  SCV  
  17  1:12  SCV  
  18  1:19  Barracks  
  18  1:22  Barracks  
  18  1:24  SCV  
  19  1:36  SCV  
  19  1:38  Reaper, Refinery  
  21  1:50  SCV  
  22  1:57  Supply Depot  
  22  2:03  Orbital Command  
  22  2:09  Reaper  
  23  2:18  Reaper x2  
  25  2:29  SCV  
  26  2:37  Supply Depot  
  26  2:41  SCV, Engineering Bay  
  27  2:47  Reaper  
  28  2:53  SCV  
  28  3:05  SCV  
  29  3:15  Factory  
  29  3:17  SCV  
  30  3:21  Barracks Tech Lab  
  30  3:22  Barracks Reactor  
  30  3:29  SCV  
  30  3:52  SCV  
  29  3:57  Stimpack  
  29  4:01  Factory Reactor  
  29  4:04  SCV  
  29  4:05  Command Center  
  30  4:11  Barracks Reactor  
  30  4:13  Starport  
  30  4:15  Supply Depot  
  30  4:16  SCV  
  30  4:20  Marine x2  
  30  4:21  Marine  
  33  4:28  SCV  
  34  4:38  Marine  
  34  4:40  SCV  
  34  4:42  Marine x2  
  38  4:54  Supply Depot  
  38  4:56  Marine  
  38  4:57  Medivac x2  
  38  4:58  Marine  
  38  4:59  Marine  
  45  5:01  SCV  
  46  5:10  Marine  
  47  5:16  SCV, Marine x2  
  47  5:18  Orbital Command  
  50  5:22  Marine  
  50  5:24  Marine  
  50  5:28  SCV  
  53  5:40  SCV  
  59  5:53  Supply Depot  
Show
View Real Time Build Order
Export as new Build Order

Kade Protoss 

Build Orders: Dark Templar Rush 

Get SALT Encoding   

  12  0:01  Probe  
  13  0:13  Probe  
  14  0:25  Probe, Assimilator  
  15  0:47  Pylon  
  15  0:54  Assimilator  
  15  1:05  Probe, Gateway  
  15  1:06  Gateway  
  16  1:18  Probe  
  17  1:21  Pylon  
  17  1:30  Probe  
  18  1:42  Probe  
  19  1:52  Cybernetics Core  
  19  1:54  Probe  
  20  2:06  Probe  
  21  2:12  Warp Gate  
  21  2:19  Probe  
  21  2:31  Twilight Council  
  21  2:35  Probe  
  22  2:40  Adept x2  
  26  3:00  Gateway  
  26  3:08  Dark Shrine  
  26  3:24  Gateway  
  26  4:27  Dark Templar x3  
  26  4:28  Dark Templar  
  26  4:30  Probe  
  31  4:41  Nexus  
  31  5:02  Pylon  
  31  5:05  Pylon  
  31  5:08  Pylon  
  31  5:18  Probe  
  30  5:22  Dark Templar  
  30  5:23  Dark Templar x2  
  36  5:30  Probe  
  37  5:43  Probe  
Show
View Real Time Build Order
Export as new Build Order

Tkopokerqc Terran 

Build Orders: 1/1/1, Cyclone Opening 

Get SALT Encoding   

  12  0:01  SCV  
  13  0:14  SCV  
  14  0:26  SCV, Supply Depot  
  15  0:39  Refinery  
  15  0:50  Barracks  
  15  0:53  SCV  
  16  0:57  Refinery  
  16  1:05  SCV, Supply Depot  
  17  1:17  SCV  
  18  1:30  SCV  
  19  1:40  Factory  
  19  1:42  SCV  
  20  1:51  Supply Depot  
  20  2:02  Orbital Command  
  20  2:25  Factory Tech Lab  
  20  2:26  Starport  
  20  2:29  SCV  
  21  2:33  Marine  
  22  2:41  SCV  
  22  2:43  Cyclone  
  26  2:55  SCV  
  27  3:04  Liberator  
  30  3:07  SCV  
  31  3:14  Supply Depot  
  31  3:19  SCV  
  32  3:32  SCV  
  33  3:36  Command Center  
  33  3:44  Cyclone  
  36  3:59  Starport Reactor  
  36  4:01  Factory  
  36  4:14  SCV  
  36  4:16  Factory  
  37  4:17  Supply Depot  
  37  4:26  SCV  
  39  4:38  SCV  
  39  4:49  Factory Tech Lab  
  39  4:50  SCV  
  40  4:56  Engineering Bay  
  40  5:02  SCV  
  41  5:16  SCV  
  41  5:22  Hellion  
  41  5:23  Hellion x3, Supply Depot  
  41  5:26  Supply Depot  
  49  5:30  Refinery  
  49  5:45  Missile Turret  
Tags
 
Add a new tag
Caveats
  • Supply blocks, unpowered buildings, or Contaminate may cause inaccurate times.
  • Supply counts are checked every 10 seconds.